Map: 2000 Atmospheres LE

Players

Strange

  • Race: Protoss Protoss

Stephano - Winner!

  • Race: Zerg Zerg

Event: DreamHack SC2 Masters 2021 Fall

VOD

Have the link to the VOD?

Description

Time

  • Played on: Aug. 3, 2021, 10:35 a.m.
  • Length: 15:29

All games in this series

Show
View Real Time Build Order
Export as new Build Order

Strange Protoss 

Build Orders: 1 Gate Expand 

Get SALT Encoding   

  12  0:00  Probe  
  13  0:12  Probe  
  14  0:19  Pylon  
  14  0:24  Probe (Chrono Boost)  
  15  0:38  Probe (Chrono Boost)  
  15  0:40  Gateway  
  16  0:45  Probe (Chrono Boost)  
  16  0:49  Assimilator  
  17  0:52  Probe  
  19  1:04  Probe  
  19  1:16  Probe  
  20  1:28  Nexus  
  20  1:39  Cybernetics Core  
  20  1:42  Probe  
  21  1:48  Assimilator  
  21  1:54  Probe  
  22  1:57  Pylon  
  22  2:06  Probe  
  23  2:14  Stalker (Chrono Boost)  
  23  2:18  Probe (Chrono Boost)  
  26  2:28  Stargate  
  26  2:29  Probe (Chrono Boost)  
  27  2:37  Adept  
  29  2:38  Probe (Chrono Boost)  
  29  2:40  Warp Gate  
  29  2:42  Probe (Chrono Boost)  
  33  2:51  Probe (Chrono Boost)  
  33  2:52  Probe (Chrono Boost)  
  33  2:56  Probe (Chrono Boost)  
  34  3:00  Probe  
  34  3:04  Void Ray (Chrono Boost)  
  35  3:06  Adept  
  35  3:08  Probe  
  35  3:12  Probe  
  43  3:20  Gateway  
  43  3:25  Pylon  
  43  3:26  Probe  
  44  3:27  Probe  
  44  3:34  Shield Battery  
  45  3:38  Pylon, Probe  
  46  3:43  Probe  
  47  3:49  Assimilator  
  47  3:50  Probe  
  47  3:51  Assimilator  
  48  3:55  Probe  
  48  4:02  Probe  
  50  4:08  Probe  
  51  4:11  Fleet Beacon  
  51  4:12  Stargate  
  51  4:18  Pylon  
  51  4:19  Probe  
  51  4:20  Probe  
  53  4:29  Adept x2  
  57  4:31  Probe  
  57  4:32  Pylon  
  57  4:34  Probe  
  59  4:43  Probe  
  60  4:48  Nexus  
  60  5:07  Carrier (Chrono Boost)  
  60  5:08  Carrier (Chrono Boost)  
  72  5:15  Pylon  
  72  5:21  Pylon  
  72  5:25  Probe x2  
  72  5:27  Protoss Air Weapons Level 1 (Chrono Boost)  
  74  5:28  Forge  
  74  5:35  Pylon  
  74  5:45  Probe x2  
  76  5:52  Shield Battery  
  76  5:54  Void Ray x2 (Chrono Boost)  
  76  5:57  Probe x2  
  76  6:03  Probe  
  87  6:05  Protoss Ground Weapons Level 1 (Chrono Boost)  
  87  6:09  Probe x2  
  89  6:13  Flux Vanes  
  89  6:15  Probe  
  90  6:19  Assimilator  
  90  6:21  Probe x2  
  90  6:23  Assimilator  
  92  6:27  Probe  
  93  6:32  Pylon  
  93  6:33  Probe  
  93  6:34  Probe  
  93  6:35  Twilight Council  
  93  6:39  Probe  
  96  6:41  Void Ray x2  
  96  6:45  Probe  
  96  6:46  Probe  
  98  6:51  Probe  
  107  6:57  Probe  
  107  7:01  Probe  
  109  7:13  Gateway  
  109  7:14  Charge  
  109  7:16  Gateway  
  109  7:17  Gateway  
  109  7:18  Gateway  
  109  7:19  Templar Archives  
  109  7:20  Gateway  
  109  7:21  Sentry  
  111  7:22  Gateway  
  111  7:27  Robotics Facility  
  111  7:31  Pylon  
  111  7:37  Gateway  
  111  7:39  Gateway  
  111  7:47  Photon Cannon  
  111  7:51  Protoss Ground Weapons Level 2 (Chrono Boost)  
  111  7:55  High Templar x2  
  115  7:59  Nexus  
  115  8:00  Archon  
  115  8:01  Pylon  
  115  8:06  Pylon  
  115  8:11  Photon Cannon  
  115  8:14  Pylon  
  115  8:17  Immortal (Chrono Boost)  
  118  8:21  Probe  
  118  8:24  High Templar x2  
  118  8:25  Zealot x4  
  131  8:28  Photon Cannon  
  131  8:29  Pylon  
  131  8:30  Archon  
  131  8:34  Nexus  
  131  8:38  Shield Battery, Photon Cannon  
  131  8:40  Pylon, High Templar x2  
  135  8:46  Archon  
  136  8:49  Observer (Chrono Boost)  
  136  8:50  Gateway  
  136  8:53  Gateway  
  136  8:59  Warp Prism (Chrono Boost)  
  136  9:00  Stalker x2  
  136  9:01  Stalker x3  
  148  9:18  High Templar x2  
  148  9:22  Gateway  
  148  9:23  Gateway  
  148  9:24  Archon, Zealot x3  
  152  9:26  Immortal (Chrono Boost)  
  162  9:36  Pylon  
  162  9:38  High Templar x2, Zealot  
  166  9:39  Zealot  
  166  9:40  Pylon  
  166  9:42  Archon  
  170  9:46  Zealot x3  
  170  9:50  Zealot x2  
  180  9:53  Zealot  
  180  9:56  Zealot  
  180  9:58  Zealot  
  186  10:12  High Templar x2  
  186  10:13  High Templar x2  
  192  10:16  Zealot x5  
  192  10:17  Archon  
  192  10:18  Archon  
  174  10:23  Zealot  
  174  10:24  Zealot x3  
  126  10:37  Zealot x4  
  126  10:38  Zealot x2  
  128  10:45  Sentry x5  
  128  10:48  Zealot x2  
  133  11:02  Zealot x6  
  133  11:03  Zealot  
  141  11:10  Psionic Storm  
  137  11:12  Zealot x5  
  119  11:21  Zealot x2  
  119  11:25  Zealot x3  
  79  11:34  High Templar x3  
  79  11:39  High Templar  
  85  11:40  Zealot x3  
  91  11:47  Sentry  
  91  11:48  Stalker x2, Immortal  
  97  11:54  Zealot x3  
  103  12:03  Zealot  
  103  12:07  High Templar  
  111  12:11  Assimilator x2  
  111  12:22  Immortal (Chrono Boost)  
  111  12:23  Protoss Ground Weapons Level 3 (Chrono Boost), Probe x2  
  111  12:29  Zealot x4  
  125  12:38  Probe x4  
  127  12:48  Archon, Zealot x4  
  107  12:53  High Templar x3  
  107  12:54  Immortal (Chrono Boost)  
  105  13:07  High Templar x2  
  105  13:11  Zealot x6  
  105  13:31  Immortal (Chrono Boost)  
  105  13:33  High Templar x2  
  113  13:34  Zealot x3  
  113  13:37  Archon  
  119  13:53  Stalker x3  
  119  13:54  Stalker x2  
  128  14:00  Observer (Chrono Boost)  
  129  14:13  Immortal (Chrono Boost)  
  131  14:19  Carrier (Chrono Boost)  
  143  14:34  Carrier (Chrono Boost)  
  143  14:55  Pylon  
  143  14:59  Pylon  
  143  15:01  Pylon  
  143  15:03  Pylon  
  143  15:10  Zealot x3  
  143  15:11  Zealot x4  
  161  15:19  Zealot x2  
Show
View Real Time Build Order
Export as new Build Order

Stephano Zerg - Winner!

Build Orders: Hatch First, Lurkers 

Get SALT Encoding   

  12  0:00  Drone  
  13  0:12  Overlord  
  13  0:17  Drone  
  14  0:30  Drone x2  
  16  0:43  Drone  
  17  0:53  Hatchery  
  17  0:54  Drone  
  17  0:57  Drone  
  18  1:08  Extractor  
  17  1:12  Spawning Pool  
  17  1:15  Drone  
  18  1:18  Drone  
  18  1:28  Drone  
  19  1:39  Drone  
  20  1:49  Drone  
  21  2:00  Zergling x2  
  22  2:04  Queen x2  
  22  2:05  Drone  
  27  2:10  Overlord  
  27  2:16  Metabolic Boost  
  27  2:17  Drone  
  28  2:27  Hatchery  
  28  2:29  Drone  
  28  2:32  Zergling x2  
  28  2:37  Drone  
  30  2:43  Queen  
  32  2:48  Overlord  
  32  2:52  Drone  
  32  2:56  Drone x2  
  35  3:00  Drone  
  36  3:09  Drone  
  36  3:11  Drone  
  36  3:12  Drone x3  
  41  3:17  Overlord  
  41  3:19  Queen  
  43  3:25  Spore Crawler  
  42  3:27  Drone  
  42  3:28  Drone  
  42  3:32  Overlord  
  44  3:40  Zergling x4  
  46  3:44  Drone x3  
  46  3:46  Drone  
  51  3:48  Drone  
  51  3:51  Drone x4  
  55  3:56  Zergling x2  
  55  4:01  Spore Crawler  
  55  4:02  Overlord  
  54  4:03  Zergling x2  
  54  4:08  Drone  
  56  4:13  Overlord  
  56  4:14  Queen, Spore Crawler  
  57  4:20  Overlord  
  57  4:23  Zergling x2  
  58  4:24  Drone x2  
  58  4:25  Drone x3  
  63  4:36  Extractor, Drone x3, Roach Warren  
  64  4:39  Extractor  
  64  4:45  Drone  
  64  4:47  Overlord  
  64  4:48  Zergling x6  
  67  4:55  Lair  
  67  4:59  Zergling x10  
  72  5:07  Overlord  
  72  5:10  Drone x5  
  77  5:15  Drone  
  77  5:18  Evolution Chamber  
  77  5:26  Drone x8, Overlord  
  85  5:34  Overlord  
  85  5:40  Queen x2  
  88  5:45  Drone x2  
  88  5:46  Drone x2  
  88  5:49  Extractor  
  91  5:51  Drone x3  
  91  5:52  Extractor  
  91  5:53  Extractor  
  92  5:59  Overlord  
  92  6:03  Hydralisk Den  
  91  6:05  Hatchery  
  91  6:08  Overlord  
  91  6:10  Zerg Ground Armor Level 1  
  91  6:11  Queen  
  91  6:12  Evolution Chamber  
  91  6:15  Spore Crawler x2  
  91  6:16  Queen  
  90  6:19  Drone x2  
  90  6:20  Drone  
  90  6:21  Spore Crawler  
  90  6:22  Spore Crawler  
  91  6:26  Spore Crawler  
  91  6:40  Hatchery  
  91  6:41  Drone x6  
  91  6:42  Drone x3  
  91  6:43  Queen  
  98  6:49  Overlord x2  
  98  6:55  Hydralisk  
  98  6:56  Hydralisk x4  
  98  6:58  Hydralisk  
  98  6:59  Zergling x2  
  107  7:05  Zerg Missile Weapons Level 1  
  107  7:07  Overlord  
  107  7:19  Hydralisk x7  
  120  7:31  Hydralisk x5  
  120  7:34  Drone x3  
  132  7:41  Muscular Augments  
  132  7:56  Drone x11  
  143  8:01  Overlord x2  
  143  8:05  Infestation Pit  
  142  8:06  Zerg Ground Armor Level 2  
  142  8:13  Extractor  
  142  8:14  Hydralisk  
  142  8:17  Overlord  
  140  8:22  Drone x3  
  140  8:25  Extractor  
  140  8:26  Drone x2  
  144  8:34  Spore Crawler  
  144  8:36  Spore Crawler, Hatchery  
  144  8:37  Hydralisk x7  
  155  8:41  Hive  
  155  8:52  Grooved Spines  
  155  8:54  Overseer, Pneumatized Carapace  
  155  8:58  Hatchery  
  155  8:59  Zerg Missile Weapons Level 2  
  154  9:07  Drone x3  
  154  9:08  Drone x3  
  154  9:09  Drone x4  
  163  9:11  Hydralisk x2  
  163  9:16  Overlord x2  
  163  9:17  Overlord x2  
  166  9:18  Lurker Den  
  165  9:34  Spore Crawler  
  165  9:35  Spore Crawler  
  162  9:44  Hydralisk x11  
  184  9:52  Drone x5  
  189  10:02  Spore Crawler x2, Extractor  
  189  10:03  Extractor, Spore Crawler x2, Hydralisk  
  189  10:04  Hydralisk x4  
  193  10:19  Hydralisk  
  193  10:20  Hydralisk x9  
  191  10:26  Hydralisk x3  
  171  10:32  Hydralisk  
  171  10:33  Hydralisk x2  
  153  10:38  Zergling x10  
  154  10:43  Hydralisk x2  
  150  10:51  Hydralisk x2  
  148  10:59  Hydralisk  
  148  11:00  Hydralisk  
  149  11:15  Hydralisk x5  
  127  11:19  Hydralisk  
  107  11:37  Drone x2  
  107  11:38  Drone x4  
  113  11:40  Drone x3  
  113  11:41  Drone x2  
  113  11:42  Drone x4  
  113  11:45  Seismic Spines  
  122  11:47  Lurker  
  122  11:48  Lurker  
  122  11:53  Lurker  
  122  11:54  Zerg Missile Weapons Level 3  
  125  12:00  Lurker x2, Hydralisk  
  127  12:01  Overseer x2  
  127  12:02  Drone  
  127  12:03  Drone x4  
  127  12:04  Drone  
  127  12:05  Drone x2  
  135  12:13  Drone x3  
  135  12:14  Drone x4  
  135  12:15  Drone x3  
  145  12:22  Lurker  
  144  12:35  Zerg Ground Armor Level 3  
  144  12:36  Zergling x32  
  143  12:53  Hydralisk  
  143  12:54  Hydralisk x4  
  143  12:57  Zergling x24  
  157  13:12  Hydralisk  
  157  13:13  Hydralisk x3  
  160  13:20  Spawning Pool  
  160  13:21  Overseer  
  160  13:24  Drone  
  160  13:25  Drone x2  
  161  13:36  Adaptive Talons  
  161  13:39  Lurker x2  
  161  13:40  Drone x4  
  161  13:41  Drone x6  
  173  14:00  Hatchery  
  172  14:09  Hatchery  
  171  14:11  Drone x2  
  171  14:12  Drone  
  171  14:13  Extractor x2  
  171  14:14  Drone x3, Spine Crawler  
  171  14:15  Drone x3, Spine Crawler x2  
  171  14:16  Spine Crawler  
  175  14:17  Lurker x5  
  175  14:18  Lurker  
  180  14:25  Lurker  
  180  14:26  Lurker x2, Hydralisk x3  
  180  14:28  Overlord x2  
  180  14:29  Overseer x2  
  180  14:30  Overlord x2  
  183  14:50  Hydralisk  
  183  14:51  Hydralisk x7  
  199  15:04  Lurker x4  
  191  15:07  Hatchery  
  191  15:09  Zergling x2  
  191  15:10  Zergling x16  

Tags
 
Add a new tag
Caveats
  • Supply blocks, unpowered buildings, or Contaminate may cause inaccurate times.
  • Supply counts are checked every 10 seconds.